 Dungeon Crawl Stone Soup version 0.27.0-1-g7a089689b8 (webtiles) character file.

Game seed: 11638780348264529406

22 Thatpatchoflichen the Chopper (level 2, 0/27 HPs)
             Began as a Hill Orc Monk on Aug 3, 2021.
             Slain by a jackal (3 damage)
             ... on level 1 of the Dungeon.
             The game lasted 00:02:21 (865 turns).

Thatpatchoflichen the Chopper (Hill Orc Monk)        Turns: 865, Time: 00:02:22

Health: 0/27       AC:  2    Str: 13    XL:     2   Next: 91%
Magic:  2/2        EV: 12    Int: 10    God:
Gold:   12         SH:  0    Dex: 13    Spells: 1/1 levels left

rFire    . . .     SeeInvis .   a - +0 hand axe
rCold    . . .     Faith    .   (no shield)
rNeg     . . .     Spirit   .   b - +0 robe
rPois    .         Reflect  .   (no helmet)
rElec    .         Harm     .   (no cloak)
rCorr    .         Rampage  .   (no gloves)
Will     .....                  (no boots)
Stlth    ++........             (no amulet)
HPRegen  0.09/turn              (no ring)
MPRegen  0.08/turn              (no ring)

@: no status effects
A: no striking features
a: no special abilities


You were on level 1 of the Dungeon.
You visited 1 branch of the dungeon, and saw 1 of its levels.

You collected 12 gold pieces.

Inventory:

Hand Weapons
 a - a +0 hand axe (weapon)
Armour
 b - a +0 robe (worn)
Scrolls
 d - a scroll of magic mapping {unknown}
 g - a scroll of identify {unknown}
Potions
 c - a potion of mutation {unknown}
 e - a potion of invisibility {unknown}
 f - a potion of resistance {unknown}
 h - a potion of attraction {unknown}


   Skills:
 + Level 4.0 Fighting
 + Level 4.5 Axes
 + Level 2.8 Dodging
 + Level 1.5 Stealth


You had one spell level left.
You didn't know any spells.
Your spell library was empty.

Dungeon Overview and Level Annotations

Branches:
Dungeon (1/15)

Altars:


Message History

The jackal bites you. The ball python bites you.
The ball python constricts you. The jackal closely misses you.
You closely miss the ball python. You hit the jackal.
The ball python barely misses you. The ball python constricts you.
The jackal barely misses you. The ball python closely misses you.
The ball python constricts you.
The ball python's grasp on you weakens, but your attempt to escape fails.
The jackal bites you but does no damage.
The jackal misses you. The ball python barely misses you.
The ball python constricts you.
You hit the ball python.
You kill the ball python!
You hit the jackal.
You kill the jackal!
The jackal closely misses you. The jackal bites you.
A dart slug comes into view.
You see here a ball python corpse.
You closely miss the jackal. The jackal bites you.
* * * LOW HITPOINT WARNING * * *
The jackal barely misses you.
You completely miss the jackal. The jackal bites you.
* * * LOW HITPOINT WARNING * * *
You barely miss the jackal.
The jackal bites you but does no damage. x2
The jackal barks!
You hit the jackal.
The jackal is heavily wounded.
You barely miss the jackal. The jackal closely misses you.
The jackal bites you.
* * * LOW HITPOINT WARNING * * *
The jackal misses you. The jackal barely misses you. x2
The jackal misses you. The jackal barely misses you.
Found a short sword.
The jackal misses you. The jackal closely misses you. The jackal bites you.
* * * LOW HITPOINT WARNING * * *
The jackal bites you.
You die...

.#.## ##...................###.##
.#..####..................†....#
.##.##.........................#
.##........................##..##
#....##.......................#..
................................#
..##.##.......................##.
..##.###......(...............#..
..##.# ##.......@h..##..........#
..##.# ######.##h............
..##.. .)...............#. ### #.
........#........ . # .#
................# ## # .#
......$..w......######## #####.#
..................#..... #.....##
#..#..#.............#
.......##..##..#.............####


You could see 2 jackals.

Vanquished Creatures
  A dart slug (D:1)
  2 ball pythons (D:1)
  An endoplasm (D:1)
  A giant cockroach (D:1)
  A goblin (D:1)
  2 hobgoblins (D:1)
  A jackal (D:1)
  2 kobolds (D:1)
  3 bats (D:1)
  3 frilled lizards (D:1)
  3 rats (D:1)
20 creatures vanquished.

Notes
Turn   | Place    | Note
-------+----------+-------------------------------------------
     0 | D:1      | Thatpatchoflichen the Hill Orc Monk began the quest for the
                  | Orb.
     0 | D:1      | Reached XP level 1. HP: 19/19 MP: 1/1
   248 | D:1      | Reached XP level 2. HP: 15/27 MP: 2/2
   801 | D:1      | Found a faded altar of an unknown god.
   865 | D:1      | Slain by a jackal

Illustrated notes

Levels and vault maps discovered:
D:1:      elethiomel_arrival_infinity_welcomes_careful_drivers, layout_rooms,
          chequers_ecumenical_altar_simple_redux

Skill      XL: |  1  2 |
---------------+-------+-----
Fighting       | 4 |  4.0
Axes           | |  4.5
Dodging        | |  2.8
Stealth        | |  1.5

Action                   || total
-------------------------++-------
Melee: Hand axe          ||    67
Armor: Robe              ||    19
Dodge: Dodged            ||    66
